 Dungeon Crawl Stone Soup version 0.28-a0-1429-gf3d713df7a (webtiles) character file.

Game seed: 18227251607711929857

736 rogsnak the Digger (level 7, -3/50 HPs)
             Began as a Demonspawn Earth Elementalist on Jan 9, 2022.
             Killed from afar by Robin (5 damage)
             ... with a puff of flame
             ... on level 4 of the Dungeon.
             The game lasted 00:07:00 (4881 turns).

rogsnak the Digger (Demonspawn Earth Elementalist)  Turns: 4881, Time: 00:07:01

Health: -3/50      AC:  5    Str:  9    XL:     7   Next: 46%
Magic:  12/12      EV: 14    Int: 18    God:
Gold:   136        SH:  0    Dex: 19    Spells: 9/13 levels left

rFire   . . .      SeeInvis .   l - +2 dagger (venom)
rCold   . . .      Faith    .   (no shield)
rNeg    . . .      Spirit   .   b - +0 robe
rPois   .          Reflect  .   (no helmet)
rElec   .          Harm     .   n - +1 cloak
rCorr   .          Rampage  .   v - +0 pair of gloves
Will    .....                   (no boots)
Stlth   ++........              (no amulet)
HPRegen 0.16/turn               p - +6 ring of dexterity
MPRegen 0.13/turn               (no ring)

@: no status effects
A: spiny 2, condensation shield, weakness stinger 1
a: no special abilities


You were on level 4 of the Dungeon.
You visited 1 branch of the dungeon, and saw 4 of its levels.

You collected 136 gold pieces.

Inventory:

Hand Weapons
 a - a +0 spear
 l - a +2 dagger of venom (weapon)
Missiles
 c - 139 stones
 u - 15 poisoned darts
Armour
 b - a +0 robe (worn)
 n - a +1 cloak (worn)
 v - a +0 pair of gloves (worn)
Jewellery
 o - an amulet of faith
 p - a +6 ring of dexterity (left hand)
Wands
 t - a wand of charming (6)
Scrolls
 e - a scroll of magic mapping {unknown}
 g - 3 scrolls of noise {unknown}
 h - a scroll of immolation {unknown}
 k - a scroll of identify {unknown}
 m - a scroll of vulnerability {unknown}
 q - a scroll of silence {unknown}
 s - a scroll of fear {unknown}
 w - a scroll of torment {unknown}
Potions
 d - 5 potions of curing {unknown}
 f - a potion of attraction {unknown}
 i - a potion of brilliance {unknown}
 j - 2 potions of lignification {unknown}
 r - a potion of flight {unknown}


   Skills:
 + Level 2.1 Fighting
 + Level 3.8 Dodging
 - Level 1.7 Stealth
 + Level 1.9 Shields
 + Level 3.9 Spellcasting
 * Level 2.7 Conjurations
 - Level 0.8 Transmutations
 + Level 4.6 Earth Magic


You had 9 spell levels left.
You knew the following spells:

 Your Spells              Type           Power      Damage    Failure   Level
a - Sandblast             Erth           40%        2d10      2%          1
b - Stone Arrow           Conj/Erth      32%        3d9       10%         3

Your spell library contained the following spells:

 Spells                   Type           Power      Damage    Failure   Level
 Passwall                 Tmut/Erth      10%        N/A       7%          2
 Static Discharge         Conj/Air       8%         N/A       13%         2
 Petrify                  Tmut/Erth      13%        N/A       43%         4
 Animate Armour           Summ/Erth      22%        N/A       50%         4
 Sticky Flame             Conj/Fire      8%         2d3       63%         4
 Dispel Undead            Necr           3%         3d7       83%         4
 Lehudib's Crystal Spear  Conj/Erth      8%         10d3      100%        8


Dungeon Overview and Level Annotations

Branches:
Dungeon (4/15)
 Temple: D:4-7

Altars:

Shops:
D:3 [

Annotations:
D:4 Robin


Innate Abilities, Weirdness & Mutations

You are mostly covered in sharp spines.
A meltable shield of frost defends you. (SH +0)
You have a small tail.


Message History

You kill the hobgoblin!
Robin hits you from afar with a +0 spear.
Robin says, "My goblins will feast on your bones."
Robin hits you but does no damage.
Robin hits you from afar with a +0 spear.
The goblin hits you but does no damage.
Robin zaps a wand.
The puff of flame hits you. The goblin is struck by your spines.
You kill the goblin!
Robin completely misses you. Robin misses you. Robin barely misses you.
Robin hits you but does no damage.
Robin hits you from afar with a +0 spear.
Robin hits you from afar with a +0 spear.
Robin completely misses you.
Robin hits you from afar with a +0 spear.
Robin misses you.
Robin zaps a wand.
The puff of flame misses you. Robin closely misses you.
Robin zaps a wand.
The puff of flame hits you.
* * * LOW HITPOINT WARNING * * *
Robin says, "My goblins will feast on your bones."
Robin zaps a wand.
The puff of flame hits you but does no damage.
Robin closely misses you. Robin closely misses you.
Robin says, "Kneel, worm!"
Robin completely misses you. Robin barely misses you.
Robin zaps a wand.
The puff of flame hits you!
* * * LOW HITPOINT WARNING * * *
Robin closely misses you. Robin hits you but does no damage.
Robin barely misses you. Robin hits you but does no damage.
Robin zaps a wand.
The puff of flame hits you.
* * * LOW HITPOINT WARNING * * *
Robin zaps a wand.
The puff of flame hits you.
You die...

##. .. ####. ..#.# ## .
.... .# ..###..###.#####
.....g†))#)....#
...#<..@)......#
........)).......
#....#.......#.#.# ...
#....#####.### #.# ..
#....#####.# #.# #.#
#..........# ###.## ..
#...##...### #....# #.## #
#...# #....# #..#
######...#####....######.#


You could see Robin.

Vanquished Creatures
  Grinder (D:4)
  An orc warrior (D:4)
  A necrophage (D:4)
  An ogre (D:2)
  A phantom (D:4)
  A howler monkey (D:4)
  An orc wizard (D:4)
  3 adders
  An adder skeleton (D:4)
  A worm (D:3)
  A dart slug (D:3)
  2 orcs (D:4)
  6 bats
  8 endoplasms
  A giant cockroach (D:2)
  18 goblins
  7 hobgoblins
  5 jackals
  9 kobolds
  2 quokkas (D:3)
  7 ball pythons
  2 frilled lizards
  3 rats
83 creatures vanquished.

Vanquished Creatures (others)
  A plant (D:1)
1 creature vanquished.

Grand Total: 84 creatures vanquished

Notes
Turn   | Place    | Note
-------+----------+-------------------------------------------
     0 | D:1      | rogsnak the Demonspawn Earth Elementalist began the quest
                  | for the Orb.
     0 | D:1      | Reached XP level 1. HP: 13/13 MP: 3/3
   337 | D:1      | Reached skill level 3 in Earth Magic
   405 | D:1      | Found a faded altar of an unknown god.
   414 | D:1      | Gained mutation: A meltable shield of frost defends you.
                  | (SH +0) [demonic ancestry]
   414 | D:1      | Reached XP level 2. HP: 8/19 MP: 3/5
  1633 | D:2      | Noticed an ogre
  1639 | D:2      | Killed an ogre
  1640 | D:2      | Gained mutation: You have a small tail. [demonic ancestry]
  1640 | D:2      | Reached XP level 3. HP: 25/25 MP: 2/7
  1640 | D:2      | Reached XP level 4. HP: 31/31 MP: 2/8
  1710 | D:2      | Learned a level 3 spell: Stone Arrow
  2421 | D:2      | Gained mutation: You are partially covered in sharp spines.
                  | [demonic ancestry]
  2421 | D:2      | Reached XP level 5. HP: 36/36 MP: 9/9
  3586 | D:3      | Found Zairih's Antique Armour Shop.
  3979 | D:4      | Reached skill level 1 in Fighting
  3979 | D:4      | Reached skill level 1 in Shields
  3979 | D:4      | Reached skill level 1 in Conjurations
  3979 | D:4      | Reached skill level 4 in Earth Magic
  4051 | D:4      | Noticed a phantom
  4059 | D:4      | Killed a phantom
  4060 | D:4      | Reached XP level 6. HP: 43/43 MP: 3/10
  4202 | D:4      | Noticed Grinder
  4215 | D:4      | Killed Grinder
  4490 | D:4      | Gained mutation: You are mostly covered in sharp spines.
                  | [demonic ancestry]
  4490 | D:4      | Reached XP level 7. HP: 41/49 MP: 9/12
  4843 | D:4      | Noticed Robin
  4844 | D:4      | Identified the +7 short sword of Yesterday {drain, rElec}
  4880 | D:4      | HP: 2/50 [Robin/puff of flame (5)]
  4881 | D:4      | Killed from afar by Robin

Illustrated notes

Levels and vault maps discovered:
D:1:      dpeg_arrival_rooms_a, layout_loops_ring,
          shapermc_ecumenical_altar_mp_ritualfount
D:2:      layout_loops_ring, chequers_serial_rivers_small_b
D:3:      layout_basic, serial_shops, shop
D:4:      layout_basic, chequers_serial_rivers_small_b, uniq_crazy_yiuf_cottage,
          uniq_grinder, uniq_robin

Skill      XL: |  1  2  3  4  5  6  7 |
---------------+----------------------+-----
Earth Magic    | 3 4 |  4.6
Dodging        | 2 3 |  3.8
Fighting       | 1 2 |  2.1
Shields        | 1 |  1.9
Spellcasting   | 3 |  3.9
Conjurations   | 1 2 |  2.7
Stealth        | |  1.7
Transmutations | |  0.8

Action                   |  1- 3 |  4- 6 |  7- 9 || total
-------------------------+-------+-------+-------++-------
Melee: Spear             |   103 |    90 |       ||   193
       Punch             |     3 |     2 |     1 ||     6
       Tailslap          |       |     9 |     2 ||    11
       Dagger            |       |    38 |     8 ||    46
 Cast: Sandblast         |     8 |    20 |       ||    28
 Stab: Sleeping          |     4 |     7 |       ||    11
Armor: Robe              |    22 |    17 |    11 ||    50
Dodge: Dodged            |    76 |    64 |    29 ||   169
Block: Other             |    16 |    20 |     1 ||    37

Table legend: (Time is in decaauts)
 A = Elapsed time spent in this place.
 B = Non-inter-level travel time spent in this place.
 C = Inter-level travel time spent in this place.
 D = Time resting spent in this place.
 E = Time spent auto-exploring this place.
 F = Levels seen in this place.
 G = Mean time per level.
                   A        B        C        D        E       F      G
               +--------+--------+--------+--------+--------+-----+--------+
         Total |   4905 |   4827 |     78 |   1047 |   2991 |   4 | 1226.2 |
       Dungeon |   4905 |   4827 |     78 |   1047 |   2991 |   4 | 1226.2 |
               +--------+--------+--------+--------+--------+-----+--------+

Top non-repeatable levels by time:
     D:1: 1614 daAuts
     D:2: 1228 daAuts
     D:3: 1097 daAuts
     D:4: 965 daAuts
